 Dungeon Crawl Stone Soup version 0.16.1-2-g95b8d4c (webtiles) character file.

44 Greenwood the Stinger (level 3, -1/28 HPs)
             Began as a Hill Orc Venom Mage on Mar 25, 2015.
             Slain by a hobgoblin (2 damage)
             ... on level 1 of the Dungeon.
             The game lasted 00:12:25 (1248 turns).

Greenwood the Stinger (Hill Orc Venom Mage)         Turns: 1248, Time: 00:12:25

Health: -1/28      AC:  2    Str: 11    XL:     3   Next: 62%
Magic:  0/6        EV: 12    Int: 15    God:
Gold:   99         SH:  0    Dex: 11    Spells: 2 memorised, 3 levels left

rFire  + . .     SeeInvis .     h - +0 dagger
rCold  . . .     Clarity  .     a - +0 robe
rNeg   . . .     SustAb   .     (no shield)
rPois  .         Gourm    .     (no helmet)
rElec  .         Spirit   .     (no cloak)
rCorr  .         Warding  .     (no gloves)
rMut   .         Stasis   .     (no boots)
MR     .....                    (no amulet)
Stlth  ++........               (no ring)
                                k - ring of protection from fire

@: very slightly contaminated, not resistant to hostile enchantments, unstealthy
A: no striking features
a: no special abilities


You were on level 1 of the Dungeon.
You were very hungry.

You visited 1 branch of the dungeon, and saw 2 of its levels.

You collected 99 gold pieces.

Inventory:

Hand weapons
 h - a +0 dagger (weapon)
 n - a +0 whip
Armour
 a - a +0 robe (worn)
 m - a cursed +0 robe
 r - a +0 buckler
Jewellery
 k - a ring of protection from fire (left hand)
Scrolls
 e - 2 scrolls of blinking {unknown}
 f - 3 scrolls of identify {unknown}
 i - a scroll of teleportation {unknown}
 s - a scroll of magic mapping {unknown}
 t - 2 scrolls of remove curse {unknown}
 u - a scroll of immolation {unknown}
Potions
 d - a potion of ambrosia {unknown}
 g - 2 potions of lignification {unknown}
 l - a potion of heal wounds {unknown}
 o - a potion of brilliance {unknown}
 p - a potion of curing {unknown}
 q - 2 potions of haste {unknown}
Books
 b - a Young Poisoner's Handbook

   Spells                             Type                      Level
   a - Sting                          Conjuration/Poison           1
   b - Cure Poison                    Poison                       2
   c - Mephitic Cloud                 Conjuration/Poison/Air       3
   d - Olgreb's Toxic Radiance        Poison                       4
   e - Venom Bolt                     Conjuration/Poison           5
Comestibles
 c - a meat ration
 j - a beef jerky


   Skills:
 * Level 1.4 Fighting
 + Level 0.4 Armour
 - Level 1.5 Dodging
 - Level 1.5 Stealth
 - Level 2.0 Spellcasting
 - Level 2.0 Conjurations
 - Level 3.6 Poison Magic


You had 3 spell levels left.
You knew the following spells:

 Your Spells              Type           Power        Failure   Level  Hunger
a - Sting                 Conj/Pois      ##..         10%         1    #......
b - Cure Poison           Pois           ##........   10%         2    ###....


Dungeon Overview and Level Annotations

Branches:
Dungeon (2/15)

Altars:


Message History

The hobgoblin barely misses you.
The hobgoblin looks more healthy.
Casting: Sting
Confirm with . or Enter, or press ? or * to list all spells.
Aiming: Sting
Press: ? - help, Shift-Dir - straight line, f/p - hobgoblin
Aim: a hobgoblin (almost dead)
The sting misses the hobgoblin.
The hobgoblin hits you.
* * * LOW HITPOINT WARNING * * *
Casting: Sting
Confirm with . or Enter, or press ? or * to list all spells.
Aiming: Sting
Press: ? - help, Shift-Dir - straight line, f/p - hobgoblin
Aim: a hobgoblin (severely wounded)
The sting hits the hobgoblin.
The hobgoblin is severely wounded.
The hobgoblin hits you.
* * * LOW HITPOINT WARNING * * *
The hobgoblin hits you.
You die...

#.#...#≈##≈###≈#≈#≈###...
#.#...##≈##≈≈≈##≈#≈###...
#.#..#≈##≈#####≈##≈#.....
#.#..##≈##≈≈≈≈≈##≈##.....
#.#...##≈#######≈###.....
#.##..###.≈≈≈≈≈≈####.....
##.###..#####8######......
#....##.g######.#.##.#....
#....###.@..###......#..>.
#....######.......##......
#.......###.....#.##.#....
#....##.#......##.##.#.###
##..#..#...#..#.....#.#.###
#.##.##....................
#.#.♣.#....######....#..###
#.##.##..### #.........#
##..#....# #....(....#


You could see a hobgoblin.

Vanquished Creatures
  An adder (D:2)
  A worm (D:1)
  2 giant geckos (D:1)
  2 giant cockroaches
  4 hobgoblins
  4 kobolds
  2 quokkas (D:2)
  A ball python (D:1)
  3 giant newts
  A goblin (D:1)
  6 rats
27 creatures vanquished.

Notes
Turn   | Place    | Note
--------------------------------------------------------------
     0 | D:1      | Greenwood, the Hill Orc Venom Mage, began the quest for the Orb.
     0 | D:1      | Reached XP level 1. HP: 14/14 MP: 2/2
   132 | D:1      | Reached skill level 1 in Conjurations
   154 | D:1      | Reached XP level 2. HP: 17/20 MP: 0/3
   662 | D:1      | HP: 1/20 [worm (11)]
   694 | D:1      | Reached XP level 3. HP: 3/26 MP: 0/6
   698 | D:1      | Learned a level 2 spell: Cure Poison
   961 | D:2      | Reached skill level 1 in Fighting
  1247 | D:1      | HP: 1/28 [hobgoblin (3)]
  1248 | D:1      | Slain by a hobgoblin

Action                   || total
-------------------------++-------
Melee: Dagger            ||    37
       Unarmed           ||     1
 Cast: Sting             ||    51
       Cure Poison       ||     1
 Stab: Sleeping          ||     2
  Eat: Chunk             ||     1
